 Dungeon Crawl Stone Soup version 0.21.1-1-g345015f (webtiles) character file.

823 timruff the Grappler (level 7, 0/63 HPs)
             Began as a Gargoyle Berserker on July 24, 2018.
             Was an Elder of Trog.
             Slain by an ogre
             ... wielding a +0 giant club
              (8 damage)
             ... on level 4 of the Dungeon.
             The game lasted 00:22:43 (3702 turns).

timruff the Grappler (Gargoyle Berserker)           Turns: 3702, Time: 00:22:44

Health: 0/63       AC: 13    Str: 28    XL:     7   Next: 96%
Magic:  7/7        EV: 11    Int:  7    God:    Trog [****..]
Gold:   287        SH:  3    Dex:  9    Spells: 6/6 levels left

rFire    . . .     SeeInvis .     - Unarmed
rCold    . . .     Gourm    .   (no shield)
rNeg     + + .     Faith    .   m - +0 scale mail
rPois    ∞         Spirit   .   s - +0 helmet
rElec    +         Reflect  +   (no cloak)
rCorr    .         Harm     .   p - +0 pair of gloves
MR       ++...                  (no boots)
Stlth    ..........             g - +3 amulet of reflection
HPRegen  1.20/turn              c - ring of positive energy
MPRegen  0.10/turn              (no ring)

@: berserking, regenerating, very quick
A: negative energy resistance 1, electricity resistance, unbreathing,
petrification resistance, rot immunity, AC +4
a: Berserk, Trog's Hand, Brothers in Arms, Burn Spellbooks, Renounce Religion


You were on level 4 of the Dungeon.
You worshipped Trog.
Trog was greatly pleased with you.
You were near starving.

You visited 1 branch of the dungeon, and saw 4 of its levels.

You collected 287 gold pieces.

Inventory:

Armour
 a - a +1 animal skin
 i - a +0 ring mail
 m - a +0 scale mail (worn)
 p - a +0 pair of gloves (worn)
 s - a +0 helmet (worn)
Jewellery
 c - a ring of positive energy (left hand)
 g - a +3 amulet of reflection (around neck)
 k - a +3 ring of evasion
 x - an uncursed ring of magical power {unknown}
Wands
 q - a wand of digging (15)
 r - a wand of iceblast (4)
 u - a wand of acid (11)
Scrolls
 l - 2 scrolls of teleportation
 n - 2 scrolls of remove curse
 y - a scroll of immolation {unknown}
Potions
 d - a potion of resistance {unknown}
 e - 4 potions of curing {unknown}
 f - 2 potions of heal wounds
 h - a potion of berserk rage
 j - a potion of magic {unknown}
 o - a potion of agility {unknown}
 t - a potion of invisibility {unknown}
 w - a potion of degeneration {unknown}
Comestibles
 b - 5 rations


   Skills:
 + Level 3.7 Fighting
 + Level 3.1 Armour
 + Level 2.7 Dodging
 + Level 0.5 Stealth
 * Level 8.2 Unarmed Combat


You had 6 spell levels left.
You didn't know any spells.

Dungeon Overview and Level Annotations

Branches:
Dungeon (4/15)
 Temple: D:4-7

Altars:
Qazlal


Innate Abilities, Weirdness & Mutations

You are resistant to torment.
Your stone body is resilient. (AC +4)
You are immune to poison.
You resist negative energy. (rN+)
You are resistant to electric shocks. (rElec)
You can survive without breathing.
You are immune to petrification.
You are immune to rotting.


Message History

You feel blessed for a moment.
It was a scroll of remove curse.
Unknown command.
An ogre comes into view. It is wielding a giant club.
The ogre shouts!
The ogre hits you with a giant club!!
Ouch! That really hurt!
You barely miss the ogre. The ogre closely misses you.
Unknown command.
Your skin crawls.
You feel resistant to hostile enchantments.
You are feeling hungry.
The ogre hits you with a giant club!
* * * LOW HITPOINT WARNING * * *
A red film seems to cover your vision as you go berserk!
You feel yourself moving faster!
You feel mighty!
You are near starving!
You punch the ogre!
The ogre is heavily wounded.
The ogre hits you with a giant club!
You die...

#..###.### ##...## #.
#........# #.....# #.
#.####.#.# ##...#########
#.# #.#.#####...........
#.####.........##########
#......#.#####.#
########## #.# #########
#.# #....O@.# #.#
#.#####.# #.# #.....#.#
#.# #.....#.####.#
#............#
#.....#.####.##
#.....#.###...#######
#.#.###.##...........#
#.......###...######.#


You could see an ogre.

Vanquished Creatures
  Sigmund (D:2)
  A phantom (D:4)
  An ogre (D:4)
  2 hounds (D:4)
  2 orc wizards (D:3)
  2 iguanas (D:4)
  3 worker ants
  Ijyb (D:3)
  The ghost of dscm the Chopper, a weakling HOMo (D:3)
  Robin (D:3)
  3 gnolls (D:4)
  3 adders
  2 oozes
  2 worms
  2 dart slugs (D:3)
  2 leopard geckos
  17 orcs
  2 ball pythons
  13 bats
  9 giant cockroaches
  15 goblins
  6 hobgoblins
  7 jackals
  7 kobolds
  A quokka (D:2)
  7 frilled lizards
  A leopard gecko skeleton (D:4)
  8 rats
122 creatures vanquished.

Notes
Turn   | Place    | Note
-------+----------+-------------------------------------------
     0 | D:1      | timruff the Gargoyle Berserker began the quest for the Orb.
     0 | D:1      | Reached XP level 1. HP: 14/14 MP: 1/1
   159 | D:1      | Reached XP level 2. HP: 19/19 MP: 2/2
   631 | D:1      | Reached XP level 3. HP: 20/23 MP: 3/3
   661 | D:1      | Reached ** piety under Trog
  1348 | D:2      | Reached skill level 4 in Unarmed Combat
  1439 | D:2      | Found a stormy altar of Qazlal.
  1439 | D:2      | Noticed Sigmund
  1457 | D:2      | Killed Sigmund
  1457 | D:2      | Reached skill level 5 in Unarmed Combat
  1457 | D:2      | Reached XP level 4. HP: 28/28 MP: 4/4
  1457 | D:2      | Reached XP level 5. HP: 32/32 MP: 5/5
  1720 | D:2      | Reached skill level 6 in Unarmed Combat
  1720 | D:2      | Reached XP level 6. HP: 31/37 MP: 6/6
  2165 | D:3      | Noticed Ijyb
  2165 | D:3      | Noticed Robin
  2229 | D:3      | Killed Ijyb
  2255 | D:3      | Killed Robin
  2482 | D:3      | Reached *** piety under Trog
  2506 | D:3      | Noticed dscm's ghost (weakling HOMo)
  2524 | D:3      | Killed dscm's ghost
  2955 | D:4      | Reached XP level 7. HP: 35/42 MP: 7/7
  3056 | D:4      | Reached skill level 7 in Unarmed Combat
  3419 | D:4      | Reached **** piety under Trog
  3624 | D:4      | Reached skill level 8 in Unarmed Combat
  3702 | D:4      | Slain by an ogre

Skill      XL: |  1  2  3  4  5  6  7 |
---------------+----------------------+-----
Unarmed Combat | 5 6 8 |  8.2
Dodging        | 2 |  2.7
Armour         | 3 |  3.1
Fighting       | |  3.7
Stealth        | |  0.5

Action                   |  1- 3 |  4- 6 |  7- 9 || total
-------------------------+-------+-------+-------++-------
Melee: Unarmed           |   160 |   201 |   108 ||   469
       Punch             |     1 |     4 |       ||     5
Invok: Trog's Hand       |     1 |     3 |     1 ||     5
       Berserk           |     1 |     2 |     1 ||     4
       Burn Spellbooks   |       |     1 |       ||     1
  Use: Scroll            |     4 |     1 |     3 ||     8
       Potion            |       |     2 |       ||     2
  Eat: Chunk             |     2 |     6 |     2 ||    10
       Ration            |       |     1 |       ||     1
Armor: Animal skin       |    52 |       |       ||    52
       Ring mail         |     2 |    17 |       ||    19
       Scale mail        |       |   150 |    38 ||   188
Dodge: Dodged            |   117 |   164 |    43 ||   324
Block: Other             |     1 |    35 |     9 ||    45
